 Dungeon Crawl Stone Soup version 0.28.0-43-g3370ac3207 (webtiles) character file.

Game seed: 11411120118788958987

1151 H0rd4k the Thaumaturge (level 8, -2/42 HPs)
             Began as a Deep Elf Hedge Wizard on Mar 25, 2022.
             Shot with a bolt by a kobold brigand (12 damage)
             ... on level 5 of the Dungeon.
             The game lasted 00:09:49 (7741 turns).

H0rd4k the Thaumaturge (Deep Elf Hedge Wizard)      Turns: 7741, Time: 00:09:50

Health: -2/42      AC:  2    Str:  7    XL:     8   Next: 15%
Magic:  19/23      EV: 13    Int: 22    God:
Gold:   174        SH:  0    Dex: 14    Spells: 16/25 levels left

rFire   + . .      SeeInvis .   j - staff of fire
rCold   . . .      Faith    .   (no shield)
rNeg    . . .      Spirit   .   b - +0 robe
rPois   .          Reflect  .   c - +0 hat
rElec   .          Harm     .   (no cloak)
rCorr   .          Rampage  .   (no gloves)
Will    .....                   (no boots)
Stlth   ++........              (no amulet)
HPRegen 0.14/turn               (no ring)
MPRegen 0.18/turn               (no ring)

@: studying Air Magic
A: no striking features
a: no special abilities


You were on level 5 of the Dungeon.
You visited 1 branch of the dungeon, and saw 6 of its levels.

You collected 174 gold pieces.

Inventory:

Hand Weapons
 a - a +0 dagger
Armour
 b - a +0 robe (worn)
 c - a +0 hat (worn)
Magical Staves
 j - a staff of fire (weapon)
Jewellery
 g - an amulet of faith
 r - a ring of flight
 t - an amulet of faith
Wands
 v - a wand of polymorph (6)
 w - a wand of mindburst (10)
Scrolls
 f - 4 scrolls of identify {unknown}
 h - a scroll of vulnerability {unknown}
 k - 7 scrolls of teleportation {unknown}
 m - 2 scrolls of brand weapon {unknown}
 q - 2 scrolls of immolation {unknown}
 s - a scroll of amnesia {unknown}
 u - 2 scrolls of enchant armour {unknown}
Potions
 d - a potion of lignification {unknown}
 e - a potion of berserk rage {unknown}
 i - a potion of heal wounds {unknown}
 l - a potion of haste {unknown}
 n - a potion of curing {unknown}
 o - a potion of resistance {unknown}
 p - 2 potions of degeneration {unknown}


   Skills:
 + Level 0.6 Fighting
 + Level 0.4 Short Blades
 + Level 3.6 Dodging
 - Level 2.4 Stealth
 + Level 9.3 Spellcasting
 + Level 5.7 Conjurations
 + Level 1.1 Summonings
 + Level 1.7 Translocations
 + Level 2.6 Fire Magic
 + Level 2.0 Air Magic
 + Level 2.0 Poison Magic


You had 16 spell levels left.
You knew the following spells:

 Your Spells              Type           Power      Damage    Failure   Level
a - Magic Dart            Conj           100%       1d8       1%          1
b - Blink                 Tloc           36%        N/A       4%          2
c - Conjure Flame         Conj/Fire      42%        6-21      3%          3
d - Mephitic Cloud        Conj/Pois/Air  24%        N/A       4%          3

Your spell library contained the following spells:

 Spells                   Type           Power      Damage    Failure   Level
 Slow                     Hex            40%        N/A       6%          1
 Call Imp                 Summ           15%        N/A       6%          2
 Confusing Touch          Hex            10%        N/A       19%         3
 Vampiric Draining        Necr           10%        2d6       19%         3
 Summon Ice Beast         Ice/Summ       12%        N/A       45%         4
 Summon Mana Viper        Hex/Summ       12%        N/A       82%         5
 Monstrous Menagerie      Summ           7%         N/A       100%        7


Dungeon Overview and Level Annotations

Branches:
Dungeon (6/15)
 Temple: D:4-7

Altars:

Shops:
D:2 [***   D:6 *

Annotations:
D:1 exclusion: downstairs
D:3 Pargi
D:4 exclusions: 2 downstairs and upstairs
D:6 exclusions: steam dragon and upstairs


Message History

You pick up a manual of Air Magic and begin studying.
You now have 174 gold pieces (gained 12).
w - a wand of mindburst (10)
You enter the shallow water.
Moving in this stuff is going to be slow.
u - 2 scrolls labelled XOUJUN FUENE (gained 1)
You enter the shallow water.
Moving in this stuff is going to be slow.
k - 7 scrolls labelled EBEAZO OHEO (gained 3)
A kobold brigand is nearby!
A kobold brigand is nearby!
The magic dart hits the kobold brigand but does no damage.
The kobold brigand shouts!
The kobold brigand unwields a +0 dagger.
The kobold brigand wields a +0 hand crossbow.
The kobold brigand shoots a bolt.
The bolt hits you!
The kobold brigand shoots a bolt.
The bolt hits you!
You start resting.
A kobold brigand is nearby!
Casting: Magic Dart (safe; 1% risk of failure)
Confirm with . or Enter, or press ? or * to list all spells.
You feel a surge of power!
The fire begins to smoulder!
The kobold brigand shoots a bolt.
The bolt closely misses you.
The fire ignites!
The kobold brigand shoots a bolt.
The bolt hits you.
The kobold brigand shoots a bolt.
The bolt misses you.
Casting: Conjure Flame (dangerous; 3% risk of failure)
Confirm with . or Enter, or press ? or * to list all spells.
Aiming: Mephitic Cloud (dangerous; 4% risk of failure)
Press: ? - help, Shift-Dir - straight line, f/p - kobold brigand
Aim: a kobold brigand, wielding a +0 hand crossbow and quivering bolts (chance to affect: 77%)
The ball explodes into a vile cloud!
The stinking cloud engulfs the kobold brigand but does no damage.
The kobold brigand is engulfed in noxious fumes.
The kobold brigand shoots a bolt.
The bolt hits you!
* * * LOW HITPOINT WARNING * * *
You are too injured to fight recklessly!
The kobold brigand is engulfed in noxious fumes.
The kobold brigand shoots a bolt.
The bolt hits you!
You die...

#.....####### #..
##......#....###.. ####
#.............##..
##..###...........##.#..
#........#..........#...
##......####..#.........
#####....## #..###........
##.#.......###..# ##.......
##..#......@§K§..###........
#...........#.....###.......
##..........####..K.........
#...........###...K.......#
#...#........#............#
###.##...................#..
#...........#........##..#..
##..........##...#....#...#.
###......................#.


You could see a kobold brigand and a kobold (wandering).

Vanquished Creatures
  A sky beast (D:6)
  2 ogres (D:5)
  A black bear (D:4)
  A bullfrog (D:6)
  4 scorpions
  A water moccasin skeleton (D:6)
  A bullfrog zombie (D:5)
  A centaur skeleton (D:5)
  A jelly (D:4)
  2 bullfrog skeletons (D:5)
  4 iguanas
  A hound zombie (D:5)
  A hound skeleton (D:4)
  4 gnolls (D:5)
  4 adders (D:4)
  A white imp (D:6)
  2 ufetubi
  5 worms
  2 dart slugs (D:1)
  3 orcs (D:3)
  7 ball pythons
  10 endoplasms
  5 giant cockroaches
  7 goblins
  8 hobgoblins
  3 bats
  2 frilled lizards
  4 kobolds
  12 rats
100 creatures vanquished.

Vanquished Creatures (others)
  7 plants (D:5)
7 creatures vanquished.

Grand Total: 107 creatures vanquished

Notes
Turn   | Place    | Note
-------+----------+-------------------------------------------
     0 | D:1      | H0rd4k the Deep Elf Hedge Wizard began the quest for the
                  | Orb.
     0 | D:1      | Reached XP level 1. HP: 10/10 MP: 7/7
   301 | D:1      | Reached skill level 5 in Spellcasting
   329 | D:1      | Reached XP level 2. HP: 15/15 MP: 6/10
   977 | D:1      | Reached XP level 3. HP: 19/19 MP: 7/12
   980 | D:1      | Learned a level 2 spell: Blink
   984 | D:1      | Learned a level 3 spell: Conjure Flame
   988 | D:1      | Learned a level 3 spell: Mephitic Cloud
  1086 | D:1      | Found a faded altar of an unknown god.
  1458 | D:2      | Found Qutrif's Antique Armour Emporium.
  1806 | D:2      | Found Kuwac's Assorted Antiques.
  2093 | D:2      | Found Viakag's General Store.
  2249 | D:2      | Reached skill level 6 in Spellcasting
  2386 | D:2      | Found Zuung's Assorted Antiques.
  2611 | D:2      | Reached XP level 4. HP: 24/24 MP: 3/14
  3726 | D:3      | Noticed Pargi
  3811 | D:4      | Reached skill level 1 in Poison Magic
  3927 | D:4      | Reached skill level 1 in Fire Magic
  3927 | D:4      | Reached XP level 5. HP: 28/28 MP: 9/15
  4315 | D:4      | Noticed a black bear
  4329 | D:4      | Killed a black bear
  4330 | D:4      | Reached skill level 1 in Air Magic
  4887 | D:5      | Entered Level 5 of the Dungeon
  5017 | D:5      | Reached skill level 7 in Spellcasting
  5017 | D:5      | Reached XP level 6. HP: 31/32 MP: 15/18
  5723 | D:6      | Identified the +0 kite shield of Wrong Decisions {Stlth+}
  5911 | D:6      | Reached XP level 7. HP: 18/37 MP: 5/20
  6106 | D:6      | Reached skill level 8 in Spellcasting
  6381 | D:6      | Noticed a steam dragon
  6476 | D:6      | Reached skill level 5 in Conjurations
  6703 | D:6      | Found Sadysacu's General Store.
  7137 | D:5      | Reached skill level 9 in Spellcasting
  7239 | D:5      | Reached XP level 8. HP: 38/42 MP: 10/23
  7741 | D:5      | Shot with a bolt by a kobold brigand

Illustrated notes

Levels and vault maps discovered:
D:1:      lightli_molten_gateway, layout_loops_ring,
          ebering_ecumenical_altar_petrified, chequers_serial_rivers_room_a,
          glass_columns_a
D:2:      layout_loops_ring, serial_shops, shop, nicolae_shop_crystal,
          nicolae_shop_stone, shop, st_stairs_8
D:3:      layout_loops_cross, serial_shops, shop, grunt_decor_resistance,
          chequers_serial_rivers_micro_a, minmay_misc_feat_room, st_stairs_1,
          uniq_pargi
D:4:      layout_basic, kennysheep_another_room, hangedman_decor_diamond_cutter
D:5:      layout_cave_pools, chequers_big_river, minmay_manual_moon
D:6:      hellmonk_warped_wall, layout_loops_ring, serial_shops,
          nicolae_shop_advertising_works [nicolae_subvault_shop_adworks],
          ebering_dispersal_statue_hall

Skill      XL: |  1  2  3  4  5  6  7 |
---------------+----------------------+-----
Spellcasting   | 5 6 7 9 |  9.3
Dodging        | 3 |  3.6
Conjurations   | 2 3 4 5 |  5.7
Poison Magic   | 1 2 |  2.0
Fire Magic     | 1 2 |  2.6
Air Magic      | 1 2 |  2.0
Fighting       | |  0.6
Short Blades   | |  0.4
Stealth        | |  2.4
Summonings     | |  1.1
Translocations | |  1.7

Action                   |  1- 3 |  4- 6 |  7- 9 || total
-------------------------+-------+-------+-------++-------
Melee: Dagger            |     7 |       |       ||     7
 Cast: Magic Dart        |   143 |   158 |    41 ||   342
       Conjure Flame     |       |     8 |    17 ||    25
       Mephitic Cloud    |       |     3 |    12 ||    15
       Blink             |       |     3 |     8 ||    11
Armor: Robe              |     4 |     8 |     1 ||    13
Dodge: Dodged            |    21 |    33 |    15 ||    69
